Map: At Eternity's Edge LE

Players

malign

  • Race: Zerg Zerg
  • League: Master
  • Spawn Location: 5:00

RipNHammer - Winner!

  • Race: Terran Terran
  • League: Master
  • Spawn Location: 11:00

VOD

Have the link to the VOD?

Description

Time

  • Played on: Sept. 6, 2026, 12:36 p.m.
  • Length: 9:57
Show
View Real Time Build Order
Export as new Build Order

malign Zerg 

Build Orders: Hatch First 

Get SALT Encoding   

  8  0:01  Drone  
  9  0:10  Drone  
  10  0:16  Drone  
  11  0:21  Drone  
  12  0:32  Overlord  
  12  0:42  Extractor, Drone  
  13  0:51  Drone  
  13  0:52  Drone  
  15  1:00  Drone  
  16  1:10  Drone  
  17  1:19  Hatchery  
  17  1:22  Drone  
  17  1:34  Extractor  
  17  1:38  Spawning Pool  
  15  1:40  Drone  
  15  1:44  Drone  
  17  1:50  Drone  
  18  2:01  Drone  
  19  2:10  Drone  
  20  2:19  Overlord  
  20  2:30  Queen  
  20  2:32  Queen  
  20  2:36  Metabolic Boost  
  24  2:40  Zergling x2  
  24  2:43  Drone  
  24  2:44  Drone x2  
  28  2:55  Extractor  
  28  2:56  Overlord, Drone  
  28  3:02  Drone x2  
  30  3:13  Queen  
  30  3:14  Overlord  
  30  3:15  Drone  
  33  3:29  Hatchery  
  33  3:31  Drone  
  33  3:32  Drone x2  
  35  3:35  Drone  
  35  3:41  Spore Crawler  
  34  3:48  Roach Warren, Drone  
  34  3:49  Drone x2  
  37  4:00  Overlord  
  37  4:01  Drone x3  
  37  4:02  Drone  
  41  4:05  Drone  
  41  4:09  Drone  
  43  4:14  Zergling x2  
  44  4:22  Overlord, Zergling x2  
  45  4:31  Roach x4  
  49  4:32  Overlord  
  49  4:33  Drone  
  53  4:45  Drone  
  53  4:46  Drone, Queen  
  53  4:47  Queen  
  53  4:52  Extractor  
  58  4:55  Drone x2  
  58  4:56  Extractor, Drone x2, Overlord  
  61  5:05  Drone x3  
  61  5:06  Overlord, Drone  
  66  5:07  Drone  
  66  5:08  Lair  
  65  5:17  Drone x3  
  65  5:20  Drone x2, Overlord  
  70  5:21  Drone  
  70  5:22  Drone  
  70  5:26  Extractor  
  71  5:33  Spore Crawler  
  61  5:53  Drone  
  61  5:56  Drone  
  62  6:05  Drone x2  
  63  6:11  Drone x3  
  63  6:12  Drone x2  
  63  6:13  Drone x2  
  63  6:17  Drone x3  
  73  6:23  Drone x2  
  73  6:25  Drone x2  
  77  6:31  Overlord  
  77  6:34  Extractor x2  
  77  6:35  Spore Crawler  
  77  6:36  Drone x3  
  77  6:37  Overlord, Hatchery  
  76  6:40  Glial Reconstitution  
  76  6:41  Overlord  
  78  6:47  Roach x4  
  78  6:48  Overlord  
  78  6:53  Drone  
  78  6:54  Drone x3  
  87  6:55  Overseer  
  87  6:59  Drone x2  
  90  7:02  Evolution Chamber, Drone x3  
  90  7:04  Evolution Chamber  
  91  7:10  Overlord x2  
  89  7:16  Overseer  
  89  7:21  Drone x2  
  88  7:32  Zerg Missile Weapons Level 1, Zerg Melee Weapons Level 1  
  88  7:33  Roach  
  88  7:34  Roach x9  
  104  7:45  Drone  
  104  7:46  Drone x6  
  107  7:54  Drone x2  
  107  7:55  Drone x3  
  112  8:15  Drone x2  
  112  8:16  Drone x4, Spore Crawler  
  112  8:17  Spore Crawler  
  116  8:20  Drone  
  116  8:21  Drone x5, Overlord x2  
  122  8:27  Drone x3  
  122  8:28  Drone  
  122  8:29  Infestation Pit  
  122  8:32  Hydralisk Den  
  124  8:44  Extractor  
  124  8:45  Extractor  
  124  8:47  Spore Crawler x3  
  107  8:57  Drone  
  107  8:58  Drone x11  
  114  9:18  Lurker Den  
  113  9:29  Roach x4  
  113  9:30  Roach x13  
Show
View Real Time Build Order
Export as new Build Order

RipNHammer Terran - Winner!

Build Orders: Reaper Expand, Hellion Banshee, Mech 

Get SALT Encoding   

  8  0:00  SCV  
  9  0:12  SCV  
  10  0:24  SCV  
  11  0:37  SCV  
  11  0:39  Supply Depot  
  12  0:49  SCV  
  13  0:54  Refinery  
  13  1:01  SCV  
  14  1:05  Barracks  
  14  1:13  SCV  
  15  1:25  SCV  
  16  1:37  SCV  
  17  1:52  Orbital Command, Reaper  
  18  2:12  Command Center  
  18  2:18  SCV  
  19  2:25  Factory  
  19  2:30  SCV  
  19  2:33  Refinery, Barracks Reactor  
  20  2:46  Supply Depot, SCV  
  21  3:07  SCV  
  22  3:15  Starport  
  22  3:19  Hellion x2, SCV  
  27  3:26  Orbital Command  
  27  3:31  SCV  
  28  3:43  Hellion x2  
  28  3:45  SCV  
  32  3:50  Barracks Tech Lab  
  32  3:55  Viking  
  34  3:58  SCV  
  34  4:00  SCV  
  36  4:05  Supply Depot  
  36  4:08  Hellion  
  38  4:10  SCV  
  38  4:16  Hellion  
  38  4:17  SCV  
  42  4:23  Supply Depot  
  42  4:35  SCV x2  
  44  4:47  SCV, Banshee  
  44  4:48  Cloaking Field  
  44  4:49  SCV  
  49  4:59  SCV  
  50  5:01  Command Center  
  50  5:02  Supply Depot  
  50  5:03  SCV  
  51  5:11  SCV  
  51  5:13  Hellion x2  
  56  5:17  SCV  
  57  5:23  SCV  
  57  5:25  Supply Depot  
  57  5:26  Refinery  
  57  5:27  Refinery  
  58  5:30  Supply Depot  
  58  5:31  SCV  
  58  5:35  SCV  
  60  5:38  Banshee  
  63  5:43  SCV  
  64  5:53  SCV  
  64  5:55  SCV  
  62  5:59  Factory  
  62  6:00  Factory  
  62  6:02  Supply Depot  
  62  6:05  SCV  
  62  6:07  SCV  
  60  6:13  Hellion x2  
  60  6:17  SCV  
  64  6:19  Orbital Command, SCV  
  64  6:29  Factory, SCV  
  65  6:34  SCV  
  66  6:41  SCV  
  66  6:46  Factory Tech Lab  
  66  6:47  Factory  
  67  6:48  SCV, Orbital Command  
  68  6:59  Engineering Bay, Supply Depot, SCV  
  68  7:00  SCV  
  70  7:05  Hellion x2, Siege Tank  
  70  7:06  Refinery, Siege Tank  
  80  7:09  Refinery  
  80  7:26  SCV, Hellion, Factory Tech Lab  
  80  7:28  SCV x2  
  85  7:37  Cyclone, Factory Tech Lab  
  85  7:38  Hellion, Cyclone  
  93  7:51  Cyclone  
  93  7:52  Hellion, SCV x3  
  93  7:56  Supply Depot  
  93  7:58  Supply Depot  
  101  8:02  Supply Depot  
  101  8:03  Supply Depot  
  101  8:04  Supply Depot, SCV x2  
  103  8:06  Hellion, Infernal Pre-Igniter  
  103  8:07  Mag-Field Accelerator  
  103  8:09  SCV, Siege Tank  
  109  8:18  Siege Tank  
  112  8:23  SCV  
  112  8:25  SCV x2  
  112  8:26  Sensor Tower  
  115  8:28  Missile Turret  
  115  8:30  Supply Depot  
  113  8:38  Cyclone, Siege Tank  
  113  8:39  Hellion x2  
  123  8:42  SCV x2  
  123  8:47  Command Center  
  125  8:59  Cyclone, Siege Tank  
  125  9:00  Hellion  
  121  9:08  SCV x2  
  121  9:09  Armory  
  119  9:11  SCV  
  119  9:12  Supply Depot x2  
  119  9:14  Armory, Cyclone  
  119  9:15  Siege Tank, Hellion  
  128  9:20  SCV  
  128  9:21  Factory  
  134  9:41  SCV  
Tags
 
Add a new tag
Caveats
  • Supply blocks, unpowered buildings, or Contaminate may cause inaccurate times.
  • Supply counts are checked every 10 seconds.